Map: [ESL] Alcyone

Players

ByuN - Winner!

  • Race: Terran Terran
  • Spawn Location: 1:00

Cure

  • Race: Terran Terran
  • Spawn Location: 7:00

Event: ESL SC2 Masters 2023 Winter (Finals)

VOD

Have the link to the VOD?

Description

Time

  • Played on: Dec. 16, 2023, 4:20 p.m.
  • Length: 8:07

All games in this series

Show
View Real Time Build Order
Export as new Build Order

ByuN Terran - Winner!

Build Orders: Cyclone Opening 

Get SALT Encoding   

  12  0:00  SCV  
  13  0:12  SCV  
  14  0:17  Supply Depot  
  14  0:24  SCV  
  15  0:39  Barracks, SCV  
  16  0:43  Refinery  
  16  0:51  SCV  
  16  0:52  Refinery  
  17  1:03  SCV  
  18  1:15  SCV  
  19  1:26  Reaper  
  19  1:27  Orbital Command  
  20  1:33  Supply Depot  
  20  1:40  Factory  
  20  1:53  SCV  
  21  1:58  Reaper  
  22  2:05  SCV  
  23  2:17  Command Center  
  23  2:19  SCV  
  24  2:27  Cyclone  
  26  2:31  SCV  
  26  2:35  Supply Depot  
  27  2:42  Starport  
  28  2:44  SCV  
  28  2:47  Barracks Reactor  
  28  2:56  SCV  
  27  3:06  Cyclone  
  27  3:08  SCV  
  30  3:18  Starport Tech Lab, Refinery  
  30  3:20  SCV  
  31  3:28  Orbital Command  
  31  3:29  Barracks Tech Lab  
  31  3:32  SCV  
  32  3:36  Banshee  
  35  3:45  Cyclone x2  
  35  3:47  SCV  
  40  3:50  Marine  
  41  3:59  SCV  
  42  4:05  Stimpack  
  42  4:06  SCV  
  43  4:11  Marine  
  43  4:12  SCV  
  43  4:14  Supply Depot  
  45  4:24  SCV x2  
  45  4:28  Barracks, Starport Reactor  
  47  4:32  Siege Tank  
  47  4:34  Barracks  
  47  4:36  SCV  
  47  4:37  SCV  
  52  4:45  Supply Depot  
  52  4:47  Marine, Engineering Bay  
  52  4:50  SCV  
  52  4:51  SCV  
  55  5:00  Supply Depot  
  55  5:02  SCV  
  55  5:03  SCV  
  55  5:05  Marine  
  58  5:10  Siege Tank  
  58  5:13  Starport Reactor  
  61  5:14  SCV  
  61  5:15  SCV  
  61  5:17  Marine x2  
  65  5:22  Supply Depot  
  65  5:23  Marine  
  65  5:27  SCV x2  
  68  5:29  Marine x2  
  68  5:31  Terran Infantry Weapons Level 1  
  68  5:34  Marine  
  71  5:35  Supply Depot  
  71  5:39  SCV x2  
  71  5:41  Marine  
  74  5:42  Marine  
  74  5:44  Combat Shield, Refinery  
  74  5:45  Siege Tank  
  74  5:48  Marine x2  
  80  5:52  Marine  
  80  5:53  SCV x2  
  83  5:59  Medivac x2, Marine  
  83  6:03  Marine  
  89  6:06  Supply Depot x2  
  89  6:08  Marine x2  
  89  6:10  Marine  
  92  6:17  Marine  
  91  6:20  Marine  
  91  6:21  Siege Tank  
  93  6:26  Marine  
  93  6:27  Marine  
  93  6:28  Marine  
  96  6:34  Marine  
  96  6:36  SCV  
  96  6:37  SCV  
  96  6:38  Marine  
  93  6:44  Marine  
  93  6:45  Marine  
  93  6:46  Marine  
  83  6:49  SCV x2  
  83  6:52  Marine  
  83  6:53  Siege Tank  
  89  6:56  Marine  
  89  7:01  SCV  
  91  7:02  Marine  
  91  7:03  Marine x2  
  91  7:04  Medivac x2  
  91  7:07  SCV  
  99  7:10  Marine  
  99  7:14  Marine  
  99  7:15  SCV  
  102  7:22  SCV  
  102  7:23  Supply Depot  
  102  7:24  Marine x3  
  102  7:28  Marine  
  105  7:32  Marine  
  106  7:42  Marine x3  
  109  7:46  Marine  
Show
View Real Time Build Order
Export as new Build Order

Cure Terran 

Build Orders: Cyclone Opening 

Get SALT Encoding   

  12  0:00  SCV  
  13  0:12  SCV  
  14  0:17  Supply Depot  
  14  0:24  SCV  
  15  0:39  SCV  
  15  0:40  Barracks  
  16  0:44  Refinery  
  16  0:51  SCV  
  16  0:52  Refinery  
  17  1:03  SCV  
  18  1:15  SCV  
  19  1:27  Orbital Command, Reaper  
  19  1:32  Supply Depot  
  20  1:40  Factory  
  20  1:53  SCV  
  21  1:59  Reaper  
  22  2:05  SCV  
  23  2:16  Command Center  
  23  2:20  SCV  
  24  2:27  Cyclone  
  26  2:32  Barracks Reactor, SCV  
  27  2:38  Supply Depot  
  27  2:44  SCV  
  28  2:52  Starport  
  28  2:57  SCV  
  28  3:09  SCV  
  31  3:12  Cyclone  
  31  3:13  Cyclone  
  31  3:16  Barracks Tech Lab  
  33  3:21  SCV  
  33  3:25  Refinery  
  34  3:28  Orbital Command  
  34  3:33  SCV  
  35  3:42  Raven  
  35  3:44  Supply Depot  
  35  3:45  SCV  
  35  3:47  Cyclone  
  40  3:56  SCV  
  40  3:57  SCV  
  40  3:59  Cyclone  
  43  4:03  Barracks Tech Lab  
  43  4:09  SCV x2  
  45  4:16  Raven  
  47  4:21  SCV x2  
  49  4:29  Interference Matrix  
  49  4:31  Cyclone  
  51  4:33  SCV x2  
  51  4:34  Cyclone  
  55  4:40  Supply Depot  
  55  4:44  Command Center  
  55  4:47  SCV x2  
  55  4:52  Raven  
  59  4:55  Supply Depot  
  59  4:59  SCV x2  
  61  5:01  Refinery  
  61  5:04  Cyclone  
  63  5:07  Cyclone  
  63  5:10  Marine  
  63  5:12  SCV  
  63  5:13  SCV  
  68  5:15  Supply Depot  
  68  5:21  Stimpack  
  68  5:24  SCV  
  68  5:25  SCV  
  70  5:30  Barracks  
  70  5:36  Starport Reactor, Cyclone  
  70  5:38  SCV x2  
  70  5:39  Cyclone  
  70  5:42  Barracks  
  76  5:43  Marine  
  77  5:50  SCV x2  
  77  5:55  Engineering Bay  
  77  5:56  Engineering Bay  
  79  6:04  SCV  
  79  6:05  SCV  
  79  6:08  Marine  
  82  6:13  Barracks  
  82  6:14  Barracks  
  82  6:17  SCV x2  
  84  6:22  Orbital Command  
  84  6:25  Cyclone  
  85  6:26  Marine  
  85  6:29  SCV  
  82  6:42  Marine x2  
  82  6:44  SCV x2, Marine  
  75  6:53  SCV  
  75  6:56  SCV  
  75  6:57  SCV  
  75  7:00  Marine x2  
  79  7:04  Starport Reactor  
  79  7:07  Siege Tank, Marine x3  
  85  7:15  SCV x3  
  88  7:17  Missile Turret  
  88  7:19  Barracks Reactor  
  88  7:20  Missile Turret  
  88  7:22  Marine x2  
  90  7:24  Marine  
  90  7:25  Marine x2  
  87  7:39  SCV x2  
  87  7:40  Marine x2  
  87  7:42  Marine x2  
  87  7:43  Marine  
Tags
 
Add a new tag
Caveats
  • Supply blocks, unpowered buildings, or Contaminate may cause inaccurate times.
  • Supply counts are checked every 10 seconds.